 Dungeon Crawl Stone Soup version 0.17.1-1-g73c8601 (webtiles) character file.

723 MirrMurr the Covert (level 7, -1/32 HPs)
             Began as a Spriggan Enchanter on Dec 12, 2015.
             Was an Initiate of Ashenzari.
             Slain by FlyveHest's ghost (15 damage)
             ... on level 6 of the Dungeon.
             The game lasted 00:12:46 (5525 turns).

MirrMurr the Covert (Spriggan Enchanter)            Turns: 5525, Time: 00:12:47

Health: -1/32      AC:  5    Str:  4    XL:     7   Next: 43%
Magic:  11/17      EV: 18    Int: 19    God:    Ashenzari [......]
Gold:   200        SH:  0    Dex: 16    Spells: 4 memorised, 9 levels left

rFire  . . .     SeeInvis +     a - +1 dagger (venom)
rCold  + . .     Clarity  .     b - +2 robe
rNeg   . . .     SustAt   .     (shield restricted)
rPois  .         Gourm    .     (helmet restricted)
rElec  .         Spirit   .     x - +0 cloak
rCorr  .         Warding  .     (gloves unavailable)
rMut   .         Stasis   .     (boots unavailable)
MR     ++...                    (no amulet)
Stlth  ++++++....               v - ring of protection from cold
                                f - ring of protection from magic

@: very quick, very resistant to hostile enchantments, very stealthy
A: unfitting armour, see invisible, herbivore 3, speed 3, slow metabolism 2
a: Renounce Religion


You were on level 6 of the Dungeon.
You worshipped Ashenzari.
Ashenzari was noncommittal.
You were not hungry.

You visited 1 branch of the dungeon, and saw 6 of its levels.
You also visited: Sewer.

You collected 200 gold pieces.

Inventory:

Hand Weapons
 a - a +1 dagger of venom (weapon)
Missiles
 h - 192 stones (quivered)
 k - 2 tomahawks
 r - 4 needles of confusion
Armour
 b - a +2 robe (worn)
 x - a +0 cloak (worn)
Jewellery
 f - a ring of protection from magic (left hand)
 v - a ring of protection from cold (right hand)
Wands
 p - a wand of draining (10)
Scrolls
 m - 2 scrolls of fear
 t - a scroll of blinking
 u - a scroll of teleportation
 w - a scroll of recharging
Potions
 c - a potion of poison {unknown}
 e - 3 potions of mutation {unknown}
 g - 4 potions of heal wounds {unknown}
 i - a potion of cancellation {unknown}
 j - 2 potions of agility {unknown}
 l - 2 potions of brilliance {unknown}
 n - 2 potions of curing {unknown}
 o - a potion of haste {unknown}
 q - a potion of lignification {unknown}
 s - 2 potions of degeneration {unknown}
 z - a potion of flight {unknown}
Comestibles
 d - 4 bread rations


   Skills:
 - Level 1.1 Short Blades
 - Level 3.0 Dodging
 * Level 11.3 Stealth
 + Level 6.0 Spellcasting
 - Level 3.6 Hexes


You had 9 spell levels left.
You knew the following spells:

 Your Spells              Type           Power        Failure   Level  Hunger
a - Ensorcelled Hibernat  Hex/Ice        ##....       10%         2    None
b - Confuse               Hex            ###.....     10%         3    ##.....
c - Corona                Hex            ###....      2%          1    None
d - Dazzling Spray        Conj/Hex       ##......     17%         3    ##.....


Dungeon Overview and Level Annotations

Branches:
Dungeon (6/15)
 Temple: D:4-7

Altars:
Ashenzari
Elyvilon
Gozag
Okawaru
Vehumet
Yredelemnul

Annotations:
D:6 FlyveHest's ghost, novice HOFi


Innate Abilities, Weirdness & Mutations

You are tiny and cannot use many weapons and most armour.
You have supernaturally acute eyesight.
You are a herbivore.
You cover ground extremely quickly.
You need consume almost no food.


Message History

An orc comes into view. It is wielding a club.
No target in view!
Casting: Ensorcelled Hibernation
Confirm with . or Enter, or press ? or * to list all spells.
Aiming: Confuse
Press: ? - help, Shift-Dir - straight line, f - FlyveHest's ghost
Aim: FlyveHest's ghost, wielding a weapon of electrocution (chance to defeat MR: 22%) FlyveHest's ghost resists with almost no effort.
Casting: Confuse
Confirm with . or Enter, or press ? or * to list all spells.
Aiming: Confuse
Press: ? - help, Shift-Dir - straight line, f/p - FlyveHest's ghost
Aim: FlyveHest's ghost, wielding a weapon of electrocution (chance to defeat MR: 22%) FlyveHest's ghost appears confused.
FlyveHest's ghost hits itself but does no damage.
There is a sudden explosion of sparks!
FlyveHest's ghost hits you!!
Ouch! That really hurt!
You are electrocuted!
You die...

#.......###.####
#..........W.W.###.#
#.#...##...###....# #.#
####.## #.###.#
#.#.......####.##############
..#+#####.....#.............#
..+ +.###.##.###.##########.#
#<#+#.......## ##.# #.#
#....#.##.##W###@## #.#
#.#.##.##.###.#W## #.#
#.#.#..........########## #.#
..........####..........# #.#
#.#...................#.# #.#
#.##...(.#####.######.#.# #.#
#.###...## #.# #.#.# #.# #.#
##### #.# ###.#.# #.# #.# #.#
#...#.# #.#


You could see FlyveHest's ghost (confused).

Vanquished Creatures
  Purgy (Sewer)
  A centaur (D:5)
  A scorpion (D:6)
  The ghost of n00bb0dy the Ducker, a weakling DsGl (D:3)
  2 crimson imps (D:5)
  2 orc wizards (D:3)
  2 worker ants (D:5)
  A hound zombie (D:5)
  15 adders
  4 gnolls (D:3)
  3 worms
  5 orcs (D:3)
  3 ball pythons (D:2)
  8 bats
  2 giant cockroaches
  4 hobgoblins
  13 jackals
  3 quokkas
  3 giant geckos
  4 giant newts
  6 goblins
  A jackal zombie (D:5)
  17 kobolds
  7 rats
109 creatures vanquished.

Notes
Turn   | Place    | Note
--------------------------------------------------------------
     0 | D:1      | MirrMurr the Spriggan Enchanter began the quest for the Orb.
     0 | D:1      | Reached XP level 1. HP: 9/9 MP: 5/5
   222 | D:1      | Reached skill level 5 in Stealth
   303 | D:1      | Reached XP level 2. HP: 13/13 MP: 6/6
   307 | D:1      | Learned a level 2 spell: Ensorcelled Hibernation
   889 | D:2      | Reached skill level 6 in Stealth
   889 | D:2      | Reached XP level 3. HP: 16/16 MP: 8/8
   894 | D:2      | Learned a level 3 spell: Confuse
  1143 | D:2      | Reached skill level 7 in Stealth
  1293 | D:2      | Reached XP level 4. HP: 21/21 MP: 9/9
  1308 | D:2      | Learned a level 3 spell: Dazzling Spray
  1714 | D:3      | Noticed n00bb0dy's ghost (weakling DsGl)
  2113 | D:3      | Reached skill level 8 in Stealth
  2120 | D:3      | Reached XP level 5. HP: 17/24 MP: 1/11
  2452 | D:3      | Killed n00bb0dy's ghost
  2452 | D:3      | Reached skill level 9 in Stealth
  2572 | D:3      | Reached XP level 6. HP: 19/28 MP: 3/13
  3986 | D:4      | Found a shattered altar of Ashenzari.
  4009 | D:4      | Became a worshipper of Ashenzari the Shackled
  4456 | D:5      | Entered Level 5 of the Dungeon
  4517 | D:5      | Found a glowing drain.
  4623 | Sewer    | Entered a sewer
  4718 | Sewer    | Noticed Purgy
  4729 | Sewer    | Killed Purgy
  4729 | Sewer    | Reached skill level 10 in Stealth
  4729 | Sewer    | Reached skill level 5 in Spellcasting
  4942 | D:5      | Reached XP level 7. HP: 32/32 MP: 13/16
  4944 | D:5      | Found a radiant altar of Vehumet.
  4945 | D:5      | Found an opulent altar of Gozag.
  4946 | D:5      | Found a white marble altar of Elyvilon.
  4950 | D:5      | Found an iron altar of Okawaru.
  4952 | D:5      | Found a basalt altar of Yredelemnul.
  5146 | D:5      | Reached skill level 11 in Stealth
  5495 | D:6      | Noticed FlyveHest's ghost (novice HOFi)
  5525 | D:6      | Slain by FlyveHest's ghost

Action                   |  1- 3 |  4- 6 |  7- 9 || total
-------------------------+-------+-------+-------++-------
Melee: Dagger            |   106 |   189 |    14 ||   309
 Cast: Ensorcelled Hiber |       |    28 |     7 ||    35
       Confuse           |       |     4 |     2 ||     6
  Use: Scroll            |     2 |     9 |     1 ||    12
 Stab: Sleeping          |    14 |    35 |     8 ||    57
       Confused          |       |     3 |       ||     3
  Eat: Royal jelly       |       |     1 |       ||     1
       Pizza             |       |     1 |       ||     1
